 Dungeon Crawl Stone Soup version 0.31-a0-1178-gc5c9b8f871 (webtiles) character file.

Game seed: 6338077525187315475

171 qw the Shooter (level 5, -14/34 HPs)
             Began as a Gargoyle Hunter on Dec 11, 2023.
             Demolished by an ogre
             ... wielding a +0 giant spiked club
              (24 damage)
             ... on level 3 of the Dungeon.
             The game lasted 00:00:43 (1845 turns).

qw the Shooter (Gargoyle Hunter)                    Turns: 1845, Time: 00:00:43

Health: -14/34     AC:  8    Str: 14    XL:     5   Next: 51%
Magic:  5/5        EV: 11    Int: 10    God:
Gold:   163        SH:  0    Dex: 15    Spells: 4/4 levels left

rFire   . . .        a - +0 shortbow
rCold   . . .        (shield currently unavailable)
rNeg    + . .        c - +0 leather armour
rPois   inf          (no helmet)
rElec   +            i - +0 cloak
rCorr   .            (no gloves)
SInv    .            (no boots)
Will    .....        (no amulet)
Stlth   ++           (no ring)
HPRegen 0.25/turn    (no ring)
MPRegen 0.09/turn

%: no passive effects
@: no status effects
A: sickness immunity, AC +4, negative energy resistance 1, electricity
resistance, torment resistance 1, petrification resistance
a: no special abilities


You were on level 3 of the Dungeon.
You visited 1 branch of the dungeon, and saw 3 of its levels.

You collected 163 gold pieces.


Innate Abilities, Weirdness & Mutations

You are immune to sickness and miasma.
Your stone body is resilient. (AC +4)
You are immune to poison.
You resist negative energy. (rN+)
You are resistant to electric shocks. (rElec)
You are resistant to unholy torment.
You are immune to petrification.


   Skills:
 - Level 4.6 Fighting
 + Level 5.3 Ranged Weapons
 - Level 1.5 Dodging
 - Level 1.1 Stealth


You had 4 spell levels left.
You didn't know any spells.
Your spell library was empty.

Inventory:

Hand Weapons
 a - a +0 shortbow (weapon)
Armour
 c - a +0 leather armour (worn)
 i - a +0 cloak (worn)
 k - a +0 pair of boots
 m - a +2 robe of willpower
Jewellery
 j - an amulet of the acrobat
Wands
 n - a wand of flame (5)
Scrolls
 b - 3 scrolls of blinking {unknown}
 e - a scroll of teleportation
 h - a scroll of brand weapon {unknown}
Potions
 d - a potion of lignification {unknown}
 f - 2 potions of haste
 g - a potion of enlightenment {unknown}
 l - a potion of mutation {unknown}

Dungeon Overview and Level Annotations

Branches:
Dungeon (3/15)

Altars:


Message History

Jessica is almost dead.
Jessica gestures at you while chanting.
You barely resist. The endoplasm barely misses you.
You shoot an arrow. The arrow hits Jessica.
You kill Jessica!
The endoplasm hits you but does no damage.
You shoot an arrow. The arrow hits the endoplasm!
You kill the endoplasm!
You start resting.
HP restored.
m - a +2 robe of willpower;
n - a wand of flame (5)
You see here a +0 club.
Found a stone staircase leading down.
You see here an orb of light.
An ogre and a worm come into view.
You shoot an arrow. The arrow hits the worm.
The worm is lightly wounded.
You shoot an arrow. The arrow hits the worm.
The worm is moderately wounded.
You shoot an arrow. The arrow hits the worm.
The worm is moderately wounded.
You shoot an arrow. The arrow barely misses the worm.
You shoot an arrow. The arrow hits the worm.
The worm is heavily wounded.
You shoot an arrow. The arrow hits the worm.
The worm is severely wounded.
You shoot an arrow. The arrow barely misses the worm.
The worm completely misses you.
You shoot an arrow. The arrow barely misses the worm.
The ogre hits you with a +0 giant spiked club!!
Ouch! That really hurt!
The worm barely misses you.
You shoot an arrow. The arrow hits the worm.
The worm is severely wounded.
A quokka comes into view.
You shoot an arrow. The arrow hits the worm!
You kill the worm!
The ogre hits you with a +0 giant spiked club!!
Ouch! That really hurt!
You die...

#.....######.# #.
#.....#....#.# #.
#.....#......# #.
#..........### #.
#.....#....# # # #.
#.....#...)# #
#r#.####.....#....# #
#..O.....#####....###
#>..@.[..............
#.#.##########....###
#. ........... ..
#........).. ###
#...........
#...........
#...........
############


You could see an ogre and a quokka.

Vanquished Creatures
  An ogre (D:3)
  Jessica (D:3)
  2 worms
  A dart slug (D:1)
  5 bats
  8 endoplasms
  3 giant cockroaches
  8 goblins
  4 hobgoblins
  2 jackals (D:1)
  A quokka (D:1)
  3 ball pythons
  4 frilled lizards
  5 kobolds
  6 rats
54 creatures vanquished.

Notes
Turn   | Place    | Note
-------+----------+-------------------------------------------
     0 | D:1      | qw the Gargoyle Hunter began the quest for the Orb.
     0 | D:1      | Reached XP level 1. HP: 12/12 MP: 1/1
     0 | D:1      | 0 ||| qw: Version: 0.3-a-106-g2cfff9e
     0 | D:1      | 0 ||| qw: Game counter: 2007
     0 | D:1      | 0 ||| qw: Melee chars always use a shield: true
     0 | D:1      | 0 ||| qw: God list: Okawaru
     0 | D:1      | 0 ||| qw: Allow faded altars: false
     0 | D:1      | 0 ||| qw: Do Orc after clearing Dungeon:15 true
     0 | D:1      | 0 ||| qw: Do second Lair branch before Depths: true
     0 | D:1      | 0 ||| qw: Lair rune preference: random
     0 | D:1      | 0 ||| qw: Goals: Normal, Save, Zot:1-4, Win
     0 | D:1      | 0 ||| PLANNING D:1-11
   105 | D:1      | Reached XP level 2. HP: 17/17 MP: 2/2
   317 | D:1      | Reached XP level 3. HP: 21/21 MP: 3/3
   608 | D:1      | Reached skill level 5 in Ranged Weapons
   639 | D:1      | 639 ||| UPGRADING to +0 cloak.
   644 | D:1      | 644 ||| READING scroll labelled PAENAI UFIBO.
   745 | D:1      | 745 ||| READING scroll labelled NUKOOF LACO.
   750 | D:1      | 750 ||| READING scroll labelled ZIQIRO ILEA.
   750 | D:1      | 750 ||| IDENTIFYING coppery potion
   751 | D:1      | 751 ||| DROPPING scroll of butterflies.
  1184 | D:2      | Found a faded altar of an unknown god.
  1430 | D:2      | 1430 ||| READING scroll labelled OPTUEZX ROFA.
  1516 | D:3      | Noticed an ogre
  1523 | D:3      | Killed an ogre
  1524 | D:3      | Reached XP level 4. HP: 30/30 MP: 4/4
  1524 | D:3      | Reached XP level 5. HP: 34/34 MP: 5/5
  1758 | D:3      | Noticed Jessica
  1768 | D:3      | Killed Jessica
  1835 | D:3      | Noticed an ogre
  1845 | D:3      | Demolished by an ogre

Levels and vault maps discovered:
D:1:      spicycebolla_green_bress_n_ham, layout_basic, minmay_three_crescents
D:2:      layout_basic, chequers_ecumenical_altar_twisty
D:3:      layout_basic, reono_crystal_passage, uniq_jessica

Skill      XL: |  1  2  3 |
---------------+----------+-----
Ranged Weapons | 5 |  5.3
Fighting       | 4 |  4.6
Dodging        | |  1.5
Stealth        | |  1.1

Action                     |  1- 3 |  4- 6 || total
---------------------------+-------+-------++-------
   Fire: Shortbow          |   125 |    37 ||   162
    Use: Scroll            |     4 |       ||     4
 Armour: Leather armour    |    18 |     7 ||    25
  Dodge: Dodged            |    31 |     3 ||    34

Table legend:
 A = Non-vault XP
 B = Vault XP
 C = Vault XP percentage of total XP
 D = Non-vault monster count
 E = Vault monster count
 F = Vault count percentage of total count
                 A         B        C        D         E       F
            +---------+---------+-------+---------+---------+-------
      Total |     203 |      47 |  18.8 |      47 |       7 |  13.0
            +---------+---------+-------+---------+---------+-------
        D:1 |      30 |      10 |  25.0 |      17 |       6 |  26.1
        D:2 |      26 |       0 |   0.0 |      15 |       0 |   0.0
        D:3 |     147 |      37 |  20.1 |      15 |       1 |   6.2
            +---------+---------+-------+---------+---------+-------
